 Dungeon Crawl Stone Soup version 0.29-a0-1016-g236c7fd91e (webtiles) character file.

Game seed: 14820034379993143717

25565 Sobieck the Nimble (level 12, -6/66 HPs)
             Began as a Deep Elf Earth Elementalist on Aug 9, 2022.
             Was a High Priest of Sif Muna.
             Mangled by Snorg (9 damage)
             ... on level 2 of the Orcish Mines on Aug 10, 2022.
             The game lasted 00:47:10 (17795 turns).

Sobieck the Nimble (Deep Elf Earth Elementalist)   Turns: 17795, Time: 00:47:10

Health: -6/66      AC:  7    Str:  5    XL:     12   Next: 90%
Magic:  23/29      EV: 33    Int: 26    God:    Sif Muna [*****.]
Gold:   568        SH:  0    Dex: 15    Spells: 10/33 levels left

rFire   . . .      SeeInvis .   C - +0 rapier {short}
rCold   . . .      Faith    .   (no shield)
rNeg    . . .      Spirit   .   a - +1 robe
rPois   .          Reflect  .   H - +1 helmet
rElec   .          Harm     .   Q - scarf {repulsion}
rCorr   .          Rampage  .   Z - +1 pair of gloves
Will    ++...                   (no boots)
Stlth   +++.......              u - amulet of the acrobat
HPRegen 0.21/turn               I - ring of willpower
MPRegen 0.21/turn               K - ring of flight

@: about to teleport, acrobatic, flying, repel missiles
A: no striking features
a: Renounce Religion, Channel Magic, Forget Spell, Divine Exegesis


You were on level 2 of the Orcish Mines.
You worshipped Sif Muna.
Sif Muna was extremely pleased with you.
You visited 2 branches of the dungeon, and saw 13 of its levels.

You collected 1294 gold pieces.
You spent 726 gold pieces at shops.


   Skills:
 - Level 4.0 Fighting
 + Level 12.0 Dodging
 - Level 7.0 Stealth
 - Level 11.0 Spellcasting
 + Level 8.0 Conjurations
 - Level 1.1 Transmutations
 + Level 9.5 Fire Magic
 - Level 7.9 Earth Magic
 - Level 8.0 Poison Magic
 - Level 8.0 Invocations
 - Level 1.0 Evocations


You had 10 spell levels left.
You knew the following spells:

 Your Spells              Type           Power      Damage    Failure   Level
a - Sandblast             Erth           100%       2d20      1%          1
b - Stone Arrow           Conj/Erth      100%       3d13      1%          3
c - Passwall              Tmut/Erth      30%        N/A       1%          2
d - Olgreb's Toxic Radia  Pois           54%        N/A       1%          4
e - Ignite Poison         Fire/Tmut/Pois 46%        N/A       1%          3
f - Sticky Flame          Conj/Fire      56%        2d7       1%          4
g - Starburst             Conj/Fire      28%        6d9       17%         6

Your spell library contained the following spells:

 Spells                   Type           Power      Damage    Failure   Level
 Foxfire                  Conj/Fire      100%       2x1d9     1%          1
 Poisonous Vapours        Pois/Air       70%        N/A       1%          2
 Searing Ray              Conj           100%       2d8       1%          2
 Static Discharge         Conj/Air       35%        3-8/arc   1%          2
 Spider Form              Tmut/Pois      37%        N/A       1%          3
 Flame Wave               Conj/Fire      56%        2d13      1%          4
 Fireball                 Conj/Fire      28%        3d12      3%          5
 Petrify                  Tmut/Erth      37%        N/A       6%          4
 Dispel Undead            Necr           14%        3d10      38%         4
 Fire Storm               Conj/Fire      28%        8d7       100%        9

Inventory:

Hand Weapons
 e - the +7 rapier of Jiesavif {freeze, rPois rF- Dex+6 Stlth+, short}
   (You bought it in a shop on level 2 of the Orcish Mines)

   It freezes those it strikes, dealing additional cold damage.
   It can also slow down cold-blooded creatures.
   Dex:       It affects your dexterity (+6).
   rF:        It makes you vulnerable to fire.
   rPois:     It protects you from poison.
   Stlth:     It makes you more stealthy.
 j - a +0 dagger {short}
   (You took it off a kobold on level 1 of the Dungeon)
 k - a +2 flail of draining {mace}
   (You took it off an orc on level 8 of the Dungeon)
 q - a +0 short sword {short}
   (You took it off a kobold on level 2 of the Dungeon)
 s - a +4 war axe {axe}
   (You took it off a wight on level 10 of the Dungeon)
 t - a +0 flail {mace}
   (You found it on level 2 of the Dungeon)
 w - a +0 scythe {polearm}
   (You took it off Sigmund on level 2 of the Dungeon)
 C - a +0 rapier (weapon) {short}
   (You found it on level 4 of the Dungeon)
 E - a +0 war axe {axe}
   (You found it on level 3 of the Dungeon)
 S - a +2 scimitar of flaming {long}
   (You took it off Erica on level 9 of the Dungeon)
 T - a +2 scimitar of freezing {long}
   (You took it off a wight on level 7 of the Dungeon)
Missiles
 p - 25 poisoned darts {throwing}
 x - 2 curare-tipped darts {=fthrowing}
 F - 2 datura-tipped darts {throwing}
Armour
 a - a +1 robe (worn)
 A - a +0 leather armour
   (You took it off a gnoll bouda on level 5 of the Dungeon)
 B - a +0 robe
   (You took it off an orc wizard on level 5 of the Dungeon)
 D - a +0 leather armour
   (You found it on level 3 of the Dungeon)
 G - a +0 buckler
   (You bought it in a shop on level 2 of the Orcish Mines)
 H - a +1 helmet (worn)
   (You found it on level 9 of the Dungeon)
 J - a +0 robe
   (You took it off an orc wizard on level 5 of the Dungeon)
 L - a +0 robe
   (You took it off an orc wizard on level 5 of the Dungeon)
 M - a +0 plate armour
   (You found it on level 3 of the Dungeon)
 Q - a scarf of repulsion (worn)
   (You found it on level 6 of the Dungeon)
 R - a +0 animal skin
   (You found it on level 6 of the Dungeon)
 Y - a +0 scale mail
   (You found it on level 4 of the Dungeon)
 Z - a +1 pair of gloves (worn)
   (You found it on level 4 of the Dungeon)
Jewellery
 u - an amulet of the acrobat (around neck)
   (You took it off a wight on level 7 of the Dungeon)
 I - a ring of willpower (left hand)
   (You found it on level 6 of the Dungeon)
 K - a ring of flight (right hand)
   (You took it off an orc priest on level 10 of the Dungeon)
 X - a ring of fire
   (You found it on level 4 of the Dungeon)
Wands
 N - a wand of light (12)
   (You took it off a gnoll on level 5 of the Dungeon)
 O - a wand of charming (15)
   (You took it off Maurice on level 8 of the Dungeon)
 W - a wand of polymorph (9)
   (You took it off a centaur on level 5 of the Dungeon)
Scrolls
 f - 6 scrolls of teleportation {@r4}
 m - 3 scrolls of noise {!r}
 o - 4 scrolls of amnesia
 r - 3 scrolls of immolation {!r!r}
 v - a scroll of fear
 y - 4 scrolls of poison {!r}
Potions
 b - a potion of magic
 c - 3 potions of mutation {!q}
 d - 2 potions of brilliance {unknown}
 g - 6 potions of curing {@q1}
 h - 3 potions of invisibility {unknown}
 i - 3 potions of attraction {!q}
 l - 4 potions of might {unknown}
 z - 2 potions of cancellation
 P - 2 potions of flight {unknown}
 U - a potion of berserk rage {unknown}
 V - 4 potions of haste {unknown}
Miscellaneous
 n - a lightning rod (4/4)
   (You found it on level 11 of the Dungeon)

Dungeon Overview and Level Annotations

Branches:
Dungeon (11/15) Zot: 26838  Temple (0/1) D:5            Lair (0/5) D:8
    Orc (2/2) D:10 Zot: 8910     Elf (0/3) Orc:2

Altars:
Cheibriados
Dithmenos
Fedhas
Gozag
Hepliaklqana
Kikubaaqudgha
Makhleb
Nemelex Xobeh
Ru
Sif Muna
Trog
Wu Jian
Yredelemnul
Zin
The Shining One

Shops:
D:5 =   D:6 *   Orc:2 **[(

Annotations:
Orc:2 Snorg

##..............#......#......
##...........###............#
#.........##.#.#..).......##
##..........#######.....#.##
#...#.......# ###....######
##..........#####.#...(...##.
###........[##.##.......##..
##...........#.†#.........##.
##........)..@#<.....###....#)
###.............T).....###..).[#
#.......#.#.............#.......
#..........#...........###......
#.........#.....).......#.......
###.......##.............#.....#
#.............................
##............................
##.#.........##.)..........##


You could see Snorg (berserk).


Message History

You see here a +0 giant spiked club {mace}.
There is a stone staircase leading up here.
You fly upwards.
Snorg shouts!
The orc shouts!
The warg howls!
You hear a shout! x3
There is a stone staircase leading down here.
Danger!
Unknown command.
The warg misses you.
You fly downwards.
There is a stone staircase leading up here.
Casting: Ignite Poison (safe; 1% risk of failure)
Confirm with . or Enter, or press ? or * to list all spells.
Aiming: Sandblast (safe; 1% risk of failure)
Press: ? - help, Shift-Dir - straight line, f - warg
Aim: a warg (82% to hit)
The blast of sand hits the warg!
The warg completely misses you. The warg closely misses you.
The warg barely misses you.
Casting: Sandblast (safe; 1% risk of failure)
Confirm with . or Enter, or press ? or * to list all spells.
Aiming: Stone Arrow (safe; 1% risk of failure)
Press: ? - help, Shift-Dir - straight line, f/p - warg
Aim: a warg (moderately wounded, 72% to hit)
The stone arrow hits the warg!!
The warg bites you!
Casting: Stone Arrow (safe; 1% risk of failure)
Confirm with . or Enter, or press ? or * to list all spells.
Aiming: Stone Arrow (safe; 1% risk of failure)
Press: ? - help, Shift-Dir - straight line, f/p - warg
Aim: a warg (almost dead, 72% to hit)
The stone arrow hits the warg!
You kill the warg!
Sif Muna accepts your kill.
Your Conjurations skill increases to level 8!
Unknown command.
Unknown command.
You start resting.
You start resting.
You fly upwards.
Level annotation: Snorg The orc misses you.
There is a stone staircase leading down here.
Danger!
Unknown command.
Casting: Stone Arrow (safe; 1% risk of failure)
Confirm with . or Enter, or press ? or * to list all spells.
You begin to radiate toxic energy.
The orc warrior is poisoned.
The orc is poisoned. x2
You kill the orc!
Sif Muna accepts your kill.
An orc comes into view. It is wielding a +0 whip.
The orc warrior completely misses you.
Snorg is poisoned.
The orc warrior looks even sicker.
The orc is poisoned.
Sif Muna accepts your kill.
You feel a bit more experienced.
The orc warrior hits you with a +0 mace.
Snorg bites you! Snorg misses you. x2
You fly downwards.
Snorg looks even sicker.
The orc warrior looks even sicker.
Your toxic aura wanes.
There is a stone staircase leading up, spattered with blood here.
Casting: Olgreb's Toxic Radiance (dangerous; 1% risk of failure)
Confirm with . or Enter, or press ? or * to list all spells.
You ignite the poison in your surroundings!
The orc warrior seems to burn from within!!
You kill the orc warrior!
Sif Muna accepts your kill.
Snorg seems to burn from within!!
Snorg goes berserk!
Casting: Ignite Poison (safe; 1% risk of failure)
Confirm with . or Enter, or press ? or * to list all spells.
Aiming: Stone Arrow (safe; 1% risk of failure)
Press: ? - help, Shift-Dir - straight line, f - Snorg
Aim: Snorg (moderately wounded, berserk, 78% to hit)
Okay, then.
Unknown command.
Okay, then.
Unknown command.
Okay, then.
Unknown command.
Unknown command.
Casting: Stone Arrow (safe; 1% risk of failure)
Confirm with . or Enter, or press ? or * to list all spells.
Okay, then.
Unknown command.
Unknown command.
Okay, then.
Unknown command.
As you read the scroll of teleportation {@r4}, it crumbles to dust.
You feel strangely unstable. Snorg completely misses you.
Snorg barely misses you. Snorg closely misses you. x2
Snorg claws you! x2
* * * LOW HITPOINT WARNING * * *
Snorg attacks as you move away! Snorg bites you!
* * * LOW HITPOINT WARNING * * *
Snorg barely misses you. Snorg claws you!
* * * LOW HITPOINT WARNING * * *
Things that are here:
a +0 robe; a +0 dagger {short} Unknown command.
Okay, then.
Snorg closely misses you. Snorg claws you!
You die...

Skill      XL: |  1  2  3  4  5  6  7  8  9 10 11 12 |
---------------+-------------------------------------+-----
Spellcasting   | 4 5 6 9 10 11 | 11.0
Earth Magic    | 4 5 6 7 |  7.9
Conjurations   | 2 3 5 6 8 |  8.0
Evocations     | 1 |  1.0
Invocations    | 2 3 7 8 |  8.0
Dodging        | 3 4 8 12 | 12.0
Fighting       | 1 2 4 |  4.0
Stealth        | 3 4 7 |  7.0
Fire Magic     | 4 8 9 |  9.5
Poison Magic   | 4 8 |  8.0
Transmutations | |  1.1

Action                   |  1- 3 |  4- 6 |  7- 9 | 10-12 || total
-------------------------+-------+-------+-------+-------++-------
Melee: Rapier            |       |       |     2 |     6 ||     8
 Cast: Sandblast         |    28 |    67 |    34 |    57 ||   186
       Stone Arrow       |       |     1 |   124 |   126 ||   251
       Olgreb's Toxic Ra |       |       |       |    65 ||    65
       Ignite Poison     |       |       |       |    75 ||    75
       Sticky Flame      |       |       |       |     5 ||     5
       Passwall          |       |       |       |     2 ||     2
  Use: Scroll            |       |    13 |     2 |     4 ||    19
       Potion            |       |     1 |     5 |     1 ||     7
Armor: Robe              |       |     5 |     9 |    38 ||    52
Dodge: Dodged            |     3 |    10 |    28 |   162 ||   203

Levels and vault maps discovered:
D:1:      minmay_arrival_wavy_path, layout_basic
D:2:      layout_rooms, basic_altar, shapermc_ecumenical_altar_mp_urbaneastern,
          serial_bayou, serial_bayou_pond_d, serial_bayou_crossing,
          serial_bayou_pond_a, uniq_sigmund
D:3:      layout_rooms, overflow_temple_1_default, mainiacjoe_overflow_alcove_1,
          nicolae_overflow_crystal_walls, chequers_serial_rivers_small_3,
          minmay_goblin_outpost
D:4:      layout_cave_pods, mainiacjoe_overflow_24_doors,
          mainiacjoe_overflow_concentric_impassable
D:5:      layout_loops_corners, minmay_temple_entry_crystal_x, serial_shops,
          shop_fountains, grunt_ministairs_4, kennysheep_generic_room_13,
          uniq_prince_ribbit1
D:6:      layout_basic, mainiacjoe_overflow_small_starburst,
          mainiacjoe_overflow_surrounded_room, bloody_trog, guppyfry_shop_venom
D:7:      layout_basic, nicolae_ru_the_path_less_chosen
D:8:      layout_loops_ring, mainiacjoe_overflow_catwalk,
          erik_lair_orcish_takeover
D:9:      layout_basic, kiku_gazebo_pond_becter, lemuel_doored_altar,
          chei_slow_surprise, minmay_chambers_of_fives, uniq_erica,
          uniq_maurice, uniq_grum
D:10:     layout_basic, nicolae_yredelemnul_corpse_copse,
          mainiacjoe_overflow_boulevard, erik_orc_2
D:11:     layout_loops_ring, serial_shops, shop
Orc:1:    layout_diamond_mine, ebering_ghost_reflecting_pool, serial_shops,
          shop, uniq_snorg
Orc:2:    st_orc_open, layout_diamond_mine

Notes
Turn   | Place    | Note
-------+----------+-------------------------------------------
     0 | D:1      | Sobieck the Deep Elf Earth Elementalist began the quest for
                  | the Orb.
     0 | D:1      | Reached XP level 1. HP: 10/10 MP: 6/6
   317 | D:1      | Reached XP level 2. HP: 15/15 MP: 4/8
  1096 | D:2      | Reached skill level 4 in Spellcasting
  1096 | D:2      | Reached skill level 4 in Earth Magic
  1096 | D:2      | Reached XP level 3. HP: 19/19 MP: 6/10
  1101 | D:2      | HP: 4/19 [poisoned by a kobold]
  1387 | D:2      | Learned a level 3 spell: Stone Arrow
  1512 | D:2      | Noticed Sigmund
  1514 | D:2      | You pick up a book of Geomancy and begin reading...
  1525 | D:2      | Killed Sigmund
  1526 | D:2      | Reached skill level 5 in Spellcasting
  1526 | D:2      | Reached skill level 2 in Conjurations
  1526 | D:2      | Reached skill level 5 in Earth Magic
  1526 | D:2      | Reached XP level 4. HP: 20/24 MP: 8/13
  1526 | D:2      | Reached XP level 5. HP: 23/28 MP: 8/14
  1683 | D:2      | Found a sparkling altar of Nemelex Xobeh.
  1820 | D:2      | Found a faded altar of an unknown god.
  2236 | D:3      | Found a shimmering blue altar of Sif Muna.
  2257 | D:3      | Became a worshipper of Sif Muna the Loreminder
  2410 | D:3      | Found a sparkling altar of Nemelex Xobeh.
  2642 | D:3      | Found a hazy altar of Hepliaklqana.
  2833 | D:4      | Learned a level 2 spell: Passwall
  2999 | D:4      | Found a glowing golden altar of the Shining One.
  3016 | D:4      | Reached skill level 3 in Conjurations
  3016 | D:4      | Reached XP level 6. HP: 32/32 MP: 13/16
  3215 | D:4      | Reached skill level 6 in Spellcasting
  3313 | D:4      | Found a shadowy altar of Dithmenos.
  3362 | D:4      | Reached * piety under Sif Muna
  3664 | D:5      | Entered Level 5 of the Dungeon
  4000 | D:5      | Reached skill level 6 in Earth Magic
  4000 | D:5      | Reached XP level 7. HP: 17/36 MP: 12/18
  4175 | D:5      | Reached skill level 4 in Conjurations
  4276 | D:5      | Reached skill level 7 in Spellcasting
  4278 | D:5      | HP: 9/36 [something (1)]
  4586 | D:5      | Reached skill level 5 in Conjurations
  4744 | D:5      | Found a staircase to the Ecumenical Temple.
  5022 | D:5      | Noticed Prince Ribbit
  5025 | D:5      | Killed Prince Ribbit
  5026 | D:5      | Reached skill level 9 in Spellcasting
  5026 | D:5      | Reached skill level 7 in Earth Magic
  5026 | D:5      | Reached XP level 8. HP: 27/41 MP: 12/23
  5317 | D:5      | Found Quune's Jewellery Shop.
  5342 | D:5      | Reached skill level 10 in Spellcasting
  5476 | D:5      | Reached skill level 1 in Evocations
  5559 | D:5      | Reached skill level 1 in Invocations
  5756 | D:6      | Found a glowing silver altar of Zin.
  5787 | D:6      | Reached skill level 3 in Dodging
  5868 | D:6      | Reached skill level 1 in Fighting
  5869 | D:6      | Reached ** piety under Sif Muna
  6068 | D:6      | You pick up a book of Touch and begin reading...
  6068 | D:6      | You add the spells Static Discharge, Sticky Flame and
                  | Dispel Undead to your library.
  6171 | D:6      | Found a bloodstained altar of Trog.
  6369 | D:6      | Reached skill level 2 in Invocations
  6393 | D:6      | Reached XP level 9. HP: 47/47 MP: 21/25
  6433 | D:6      | Found Kolaapaj's Serpentskin Sales.
  6514 | D:6      | Found a burning altar of Makhleb.
  6927 | D:7      | Reached skill level 3 in Stealth
  7013 | D:7      | Reached skill level 4 in Dodging
  7091 | D:7      | Reached skill level 2 in Fighting
  7319 | D:7      | Reached skill level 6 in Conjurations
  7319 | D:7      | Reached skill level 3 in Invocations
  7577 | D:6      | Bought Osaecs's Lectures on Contamination for 384 gold
                  | pieces
  7577 | D:6      | You add the spells Poisonous Vapours, Ignite Poison, Spider
                  | Form and Olgreb's Toxic Radiance to your library.
  7582 | D:6      | Learned a level 4 spell: Olgreb's Toxic Radiance
  7586 | D:6      | Learned a level 3 spell: Ignite Poison
  7591 | D:6      | Learned a level 4 spell: Sticky Flame
  7751 | D:7      | Found a sacrificial altar of Ru.
  8061 | D:8      | Reached skill level 1 in Fire Magic
  8063 | D:8      | Reached skill level 11 in Spellcasting
  8063 | D:8      | Reached skill level 1 in Poison Magic
  8063 | D:8      | HP: 7/49 [warg (7)]
  8069 | D:8      | Reached skill level 2 in Fire Magic
  8069 | D:8      | Reached skill level 2 in Poison Magic
  8074 | D:8      | Reached *** piety under Sif Muna
  8077 | D:8      | Found a staircase to the Lair.
  8414 | D:8      | Reached skill level 3 in Fire Magic
  8414 | D:8      | Reached skill level 3 in Poison Magic
  8481 | D:8      | Found an opulent altar of Gozag.
  8513 | D:8      | Noticed a two-headed ogre
  8520 | D:8      | HP: 5/49 [warg (15)]
  8522 | D:8      | HP: 2/49 [two-headed ogre/+0 giant club (3)]
  8869 | D:8      | Killed a two-headed ogre
  8870 | D:8      | Reached skill level 4 in Fire Magic
  8870 | D:8      | Reached skill level 4 in Poison Magic
  8870 | D:8      | Reached XP level 10. HP: 49/54 MP: 14/27
  9751 | D:9      | Reached skill level 5 in Fire Magic
  9751 | D:9      | Reached skill level 5 in Poison Magic
 10035 | D:9      | Noticed Erica
 10105 | D:9      | Noticed a two-headed ogre
 10112 | D:9      | HP: 9/54 [two-headed ogre/+0 giant club (12)]
 10113 | D:9      | Killed a two-headed ogre
 10114 | D:9      | Reached skill level 6 in Fire Magic
 10114 | D:9      | Reached skill level 6 in Poison Magic
 10473 | D:9      | Noticed Grum
 10502 | D:9      | Killed Erica
 10503 | D:9      | Reached skill level 7 in Fire Magic
 10503 | D:9      | Reached skill level 7 in Poison Magic
 10503 | D:9      | Noticed Maurice
 10511 | D:8      | Killed Maurice
 10835 | D:9      | Killed Grum
 11017 | D:9      | Reached skill level 8 in Fire Magic
 11017 | D:9      | Reached skill level 8 in Poison Magic
 11206 | D:9      | Found a snail-covered altar of Cheibriados.
 11255 | D:9      | Found an ornate altar of the Wu Jian Council.
 11290 | D:9      | Reached skill level 4 in Stealth
 11290 | D:9      | Reached XP level 11. HP: 58/58 MP: 21/28
 11642 | D:9      | HP: 12/59 [electric eel/bolt of electricity (7)]
 12025 | D:9      | Found an ancient bone altar of Kikubaaqudgha.
 12072 | D:10     | Entered Level 10 of the Dungeon
 12075 | D:10     | Reached **** piety under Sif Muna
 12081 | D:10     | Reached skill level 5 in Dodging
 12164 | D:10     | Reached skill level 3 in Fighting
 12168 | D:10     | Reached skill level 4 in Invocations
 12287 | D:10     | Reached skill level 5 in Stealth
 12352 | D:10     | Found a blossoming altar of Fedhas.
 12663 | D:10     | HP: 15/60 [centaur warrior zombie (1)]
 12676 | D:10     | HP: 15/60 [centaur warrior zombie (1)]
 12680 | D:10     | HP: 6/60 [centaur warrior zombie (7)]
 12681 | D:10     | Reached skill level 6 in Dodging
 13101 | D:10     | Reached skill level 6 in Stealth
 13101 | D:10     | Reached skill level 5 in Invocations
 13349 | D:10     | Reached skill level 4 in Fighting
 13625 | D:10     | Reached ***** piety under Sif Muna
 13625 | D:10     | Received a gift from Sif Muna
 13630 | D:10     | Reached skill level 7 in Stealth
 13630 | D:10     | You add the spells Foxfire, Searing Ray, Flame Wave,
                  | Fireball, Starburst and Fire Storm to your library.
 13630 | D:10     | Got Sif Muna's Atlas of Blasts {god gift}
 13636 | D:10     | Noticed an orc knight
 13648 | D:10     | Killed an orc knight
 13649 | D:10     | Reached skill level 7 in Dodging
 13649 | D:10     | Reached skill level 6 in Invocations
 14196 | D:10     | Found a basalt altar of Yredelemnul.
 14287 | D:10     | Found a staircase to the Orcish Mines.
 14294 | D:10     | HP: 14/61 [orc priest/divine providence (10)]
 14724 | Orc:1    | Entered Level 1 of the Orcish Mines
 14813 | Orc:2    | Entered Level 2 of the Orcish Mines
 14827 | Orc:2    | Found a staircase to the Elven Halls.
 14998 | Orc:2    | Found Fixaut's Antique Armour Shop.
 14998 | Orc:2    | Found Yhuojej's Assorted Antiques.
 14998 | Orc:2    | Found Ajozuwye's Antique Weapon Emporium.
 14998 | Orc:2    | Noticed a two-headed ogre
 14998 | Orc:2    | Noticed a two-headed ogre
 14998 | Orc:2    | Noticed a deep troll
 14998 | Orc:2    | Noticed a two-headed ogre
 14998 | Orc:2    | Noticed a two-headed ogre
 15000 | Orc:2    | Noticed a two-headed ogre
 15001 | Orc:2    | Noticed a two-headed ogre
 15002 | Orc:2    | Reached skill level 8 in Dodging
 15088 | Orc:2    | Noticed an ogre mage
 15091 | Orc:2    | Killed an ogre mage
 15092 | Orc:2    | Reached skill level 7 in Invocations
 15092 | Orc:2    | Reached XP level 12. HP: 52/66 MP: 14/29
 15161 | Orc:2    | Killed a two-headed ogre
 15305 | Orc:2    | Killed a two-headed ogre
 15306 | Orc:2    | Reached skill level 9 in Dodging
 15308 | Orc:2    | Killed a two-headed ogre
 15309 | Orc:2    | Reached skill level 8 in Invocations
 15463 | Orc:2    | Killed a two-headed ogre
 15464 | Orc:2    | Reached skill level 10 in Dodging
 15554 | Orc:2    | Killed a two-headed ogre
 15768 | Orc:2    | Learned a level 6 spell: Starburst
 15906 | Orc:2    | Noticed a two-headed ogre
 15912 | Orc:2    | Killed a two-headed ogre
 15913 | Orc:2    | Reached skill level 11 in Dodging
 16373 | Orc:2    | Noticed an ogre mage
 16376 | Orc:2    | Killed an ogre mage
 16377 | Orc:2    | Reached skill level 7 in Conjurations
 16864 | Orc:2    | Reached skill level 9 in Fire Magic
 17006 | Orc:2    | Noticed a two-headed ogre
 17013 | Orc:2    | Killed a two-headed ogre
 17254 | Orc:2    | Killed a two-headed ogre
 17255 | Orc:2    | Reached skill level 12 in Dodging
 17346 | Orc:2    | Found Lubucez's Assorted Antiques.
 17355 | Orc:2    | Bought a buckler for 135 gold pieces
 17691 | Orc:2    | Bought an ivory rapier for 207 gold pieces
 17691 | Orc:2    | Identified the +7 rapier of Jiesavif {freeze, rPois rF-
                  | Dex+6 Stlth+} (You bought it in a shop on level 2 of the
                  | Orcish Mines)
 17730 | Orc:1    | Noticed Snorg
 17736 | Orc:2    | Reached skill level 8 in Conjurations
 17794 | Orc:2    | HP: 16/66 [Snorg (15)]
 17794 | Orc:2    | HP: 2/66 [Snorg (14)]
 17795 | Orc:2    | Mangled by Snorg

Vanquished Creatures
  2 ogre magi (Orc:2)
  Erica (D:9)
  10 two-headed ogres
  2 deep trolls (Orc:2)
  An orc knight (D:10)
  2 cyclopes (Orc:2)
  4 centaur zombies (D:10)
  Maurice (D:8)
  3 kobold demonologists
  5 unseen horror zombies (D:10)
  8 trolls
  Prince Ribbit (D:5)
  A hornet (D:9)
  2 shadows
  Sigmund (D:2)
  A wyvern (D:7)
  6 yaks (D:10)
  Grum (D:9)
  A steam dragon (D:9)
  3 vampire mosquitoes (D:10)
  5 wargs
  A water moccasin (D:8)
  10 orc warriors
  An ice beast (D:6)
  2 black bears
  A sky beast (D:8)
  20 ogres
  2 centaurs
  2 wolves (D:9)
  A phantom (D:4)
  5 kobold brigands
  4 necrophages
  2 bullfrogs (D:7)
  A gnoll sergeant (D:11)
  2 scorpions
  12 wights
  8 killer bees
  5 electric eels (D:9)
  3 jellies
  5 howler monkeys
  4 hounds
  3 gnoll boudas (D:5)
  10 orc priests
  5 iguanas
  An iron imp (D:9)
  22 orc wizards
  A howler monkey zombie (D:10)
  15 gnolls
  7 adders
  A shadow imp (D:7)
  2 white imps (D:8)
  An ufetubus (D:5)
  3 worms
  3 dart slugs
  56 orcs
  9 endoplasms
  2 giant cockroaches
  6 hobgoblins
  2 jackals (D:2)
  13 kobolds
  4 quokkas
  11 ball pythons
  2 bats
  9 goblins
  5 rats
345 creatures vanquished.

Vanquished Creatures (others)
  4 plants
4 creatures vanquished.

Grand Total: 349 creatures vanquished

Table legend:
 A = Non-vault XP
 B = Vault XP
 C = Vault XP percentage of total XP
 D = Non-vault monster count
 E = Vault monster count
 F = Vault count percentage of total count
                 A         B        C        D         E       F
            +---------+---------+-------+---------+---------+-------
      Total |   12738 |   23784 |  65.1 |     243 |     102 |  29.6
            +---------+---------+-------+---------+---------+-------
        D:1 |      17 |       0 |   0.0 |      11 |       0 |   0.0
        D:2 |      56 |     214 |  79.3 |      17 |       1 |   5.6
        D:3 |      29 |      14 |  32.6 |      12 |       8 |  40.0
        D:4 |     300 |       0 |   0.0 |      17 |       0 |   0.0
        D:5 |    1190 |     386 |  24.5 |      33 |       4 |  10.8
        D:6 |     729 |       3 |   0.4 |      18 |       2 |  10.0
        D:7 |    1443 |       0 |   0.0 |      21 |       0 |   0.0
        D:8 |    1531 |    1288 |  45.7 |      24 |      11 |  31.4
        D:9 |    2225 |    2204 |  49.8 |      26 |       9 |  25.7
       D:10 |    3669 |    4687 |  56.1 |      31 |      30 |  49.2
       D:11 |     113 |       0 |   0.0 |       3 |       0 |   0.0
      Orc:1 |       6 |       0 |   0.0 |       2 |       0 |   0.0
      Orc:2 |    1430 |   14988 |  91.3 |      28 |      37 |  56.9
            +---------+---------+-------+---------+---------+-------

Illustrated notes

Table legend:
 A = Kills in this place as a percentage of kills in entire the game.
 B = Kills by you in this place as a percentage of kills by you in the entire game.
 C = Kills by friends in this place as a percentage of kills by friends in the entire game.
 D = Other kills in this place as a percentage of other kills in the entire game.
 E = Experience gained in this place as a percentage of experience gained in the entire game.
 F = Experience gained in this place divided by the number of levels of this place that you have seen.
                   A       B       C       D       E      F
               +-------+-------+-------+-------+-------+----------------------
         Total | 100.0 | 100.0 |   N/A |   N/A | 100.0 | 2809.4
       Dungeon |  80.6 |  80.6 |   N/A |   N/A |  55.0 | 1827.1
  Orcish Mines |  19.4 |  19.4 |   N/A |   N/A |  45.0 | 8212.0
               +-------+-------+-------+-------+-------+----------------------

Table legend: (Time is in decaauts)
 A = Elapsed time spent in this place.
 B = Non-inter-level travel time spent in this place.
 C = Inter-level travel time spent in this place.
 D = Time resting spent in this place.
 E = Time spent auto-exploring this place.
 F = Levels seen in this place.
 G = Mean time per level.
                   A        B        C        D        E       F      G
               +--------+--------+--------+--------+--------+-----+--------+
         Total |  18019 |  17340 |    679 |   5557 |   8671 |  13 | 1386.1 |
       Dungeon |  14930 |  14375 |    555 |   4082 |   8091 |  11 | 1357.3 |
  Orcish Mines |   3088 |   2965 |    123 |   1475 |    580 |   2 | 1544.0 |
               +--------+--------+--------+--------+--------+-----+--------+

Top non-repeatable levels by time:
   Orc:2: 2746 daAuts
    D:10: 2248 daAuts
     D:8: 2229 daAuts
     D:5: 2049 daAuts
     D:9: 2005 daAuts
     D:7: 1502 daAuts
     D:1: 1302 daAuts
     D:4: 1067 daAuts
     D:6: 849 daAuts
     D:3: 787 daAuts
     D:2: 770 daAuts
   Orc:1: 342 daAuts
    D:11: 118 daAuts
